Map: Abiogenesis LE

Players

Deathwalker - Winner!

  • Race: Terran Terran
  • League: Platinum
  • Spawn Location: 11:00

CptScubng

  • Race: Terran Terran
  • Spawn Location: 5:00

VOD

Have the link to the VOD?

Description

Time

  • Played on: April 20, 2018, 2:49 p.m.
  • Length: 12:04
Show
View Real Time Build Order
Export as new Build Order

Deathwalker Terran - Winner!

Build Orders: Gas First Reaper Expand 

Get SALT Encoding   

  12  0:01  SCV  
  13  0:13  SCV  
  14  0:17  Supply Depot  
  14  0:25  SCV  
  15  0:30  Refinery  
  15  0:38  SCV  
  16  0:47  Barracks  
  16  0:50  SCV  
  17  1:03  SCV  
  18  1:15  SCV  
  19  1:34  Reaper, Orbital Command  
  20  1:49  Command Center  
  20  2:00  Barracks  
  20  2:04  SCV  
  21  2:19  Supply Depot  
  21  2:21  Barracks Reactor  
  21  2:24  SCV  
  21  2:28  Refinery  
  22  2:36  SCV  
  23  2:40  Factory  
  23  2:48  SCV  
  24  3:00  SCV  
  25  3:07  Marine x2  
  29  3:15  Orbital Command  
  28  3:24  Barracks Tech Lab  
  27  3:27  Factory Reactor  
  27  3:28  Starport  
  27  3:37  SCV  
  27  3:38  Marine  
  27  3:40  Supply Depot  
  29  3:43  Marine  
  30  3:49  SCV  
  30  3:51  SCV  
  32  3:56  Marine  
  32  4:01  SCV  
  34  4:06  Stimpack, Command Center  
  34  4:07  Marine  
  35  4:12  Supply Depot  
  35  4:15  SCV  
  35  4:16  Marine  
  37  4:21  SCV  
  37  4:22  Marine  
  39  4:24  Medivac  
  39  4:26  Medivac  
  39  4:29  Factory Tech Lab  
  43  4:31  Marine  
  43  4:38  Engineering Bay  
  44  4:43  Engineering Bay, SCV  
  45  4:47  Supply Depot  
  45  4:49  SCV  
  45  4:50  Marine  
  47  4:59  Siege Tank  
  50  5:00  Refinery  
  50  5:07  SCV x2  
  50  5:08  Marine x2  
  50  5:12  Medivac  
  50  5:14  Marine  
  57  5:18  Orbital Command  
  57  5:25  SCV  
  57  5:26  Marine x2  
  60  5:32  Marine, SCV  
  60  5:34  Siege Tank  
  65  5:35  Medivac  
  65  5:41  Supply Depot  
  65  5:42  SCV  
  68  5:43  Marine  
  68  5:47  Terran Infantry Weapons Level 1  
  69  5:56  Marine x2  
  71  5:58  Medivac  
  73  6:10  Orbital Command  
  73  6:11  SCV x2  
  75  6:22  Marine x2  
  75  6:23  Siege Tank, SCV  
  81  6:28  Refinery  
  81  6:34  Supply Depot  
  81  6:48  SCV x2  
  81  6:49  Marine x2  
  85  6:56  Barracks  
  85  6:57  SCV  
  85  6:58  Siege Tank  
  85  7:00  Medivac x2, SCV  
  94  7:01  Barracks  
  94  7:22  Marine x2, SCV x3  
  99  7:30  Medivac  
  101  7:37  Supply Depot  
  101  7:45  Barracks  
  101  7:58  Marine x3  
  101  7:59  Medivac, Siege Tank  
  101  8:02  Refinery  
  109  8:16  Supply Depot  
  109  8:18  Supply Depot  
  109  8:22  Supply Depot  
  109  8:24  Supply Depot  
  109  8:31  Terran Infantry Armor Level 1  
  109  8:34  Armory  
  109  8:38  Supply Depot, Marine x2, Medivac, SCV x2, Marauder  
  109  8:39  Siege Tank, SCV  
  109  8:41  Supply Depot  
  121  8:43  Supply Depot  
  121  8:45  Refinery  
  121  8:47  Supply Depot  
  121  8:50  SCV  
  121  8:53  SCV x2  
  121  8:55  Marine x2, Medivac  
  126  9:00  Marauder  
  126  9:01  Starport  
  126  9:02  Supply Depot  
  130  9:05  SCV  
  130  9:06  Factory  
  131  9:10  SCV x2  
  131  9:12  Siege Tank  
  131  9:13  Supply Depot  
  136  9:17  SCV  
  136  9:21  Marauder  
  139  9:31  SCV x2  
  141  9:32  Marine  
  141  9:34  Medivac x2  
  141  9:36  Supply Depot  
  146  9:40  SCV  
  146  9:42  Marauder, Terran Infantry Weapons Level 2  
  146  9:44  Siege Tank  
  152  9:48  Command Center, Barracks Reactor x2  
  152  10:05  Marine x3, Marauder  
  157  10:09  Starport Tech Lab  
  157  10:11  Starport Reactor  
  157  10:13  Factory Tech Lab  
  157  10:16  Siege Tank  
  157  10:20  SCV x3  
  163  10:22  Marine  
  163  10:27  Marauder  
  166  10:30  Supply Depot  
  166  10:32  SCV  
  167  10:48  Marauder  
  169  10:52  Supply Depot  
  169  11:09  Marauder, Marine  
  169  11:10  Marine x3  
  175  11:11  Siege Tank x2  
  175  11:12  Medivac x2  
  175  11:13  Marine x2  
  175  11:16  Supply Depot  
  187  11:31  Marauder  
  187  11:41  Marine x3  
  187  11:42  Marine  
Show
View Real Time Build Order
Export as new Build Order

CptScubng Terran 

Build Orders:  

Get SALT Encoding   

  12  0:03  SCV  
  13  0:20  SCV  
  14  0:21  Refinery  
  14  0:32  SCV  
  15  0:39  Refinery  
  15  0:52  Supply Depot  
  15  1:14  SCV  
  15  1:15  Supply Depot  
  16  1:26  SCV  
  17  1:33  Barracks  
  17  1:38  Supply Depot, SCV  
  18  1:50  SCV  
  19  2:00  Supply Depot  
  19  2:02  SCV  
  20  2:22  Supply Depot  
  20  2:23  Barracks  
  20  2:35  Bunker  
  20  2:38  Marine  
  21  2:49  Supply Depot  
  21  2:55  Marine  
  21  3:13  Marine  
  22  3:31  Marine  
  22  3:32  Bunker  
  23  3:42  Factory  
  23  3:48  Marine  
  24  3:49  Marine  
  25  4:05  Marine  
  25  4:06  SCV  
  25  4:07  Marine  
  28  4:13  Bunker  
  28  4:18  SCV  
  28  4:23  Marine  
  30  4:24  Marine  
  31  4:41  Marine  
  31  4:45  Bunker  
  32  4:56  Command Center  
  32  4:59  Marine  
  33  5:09  Marine  
  34  5:17  Marine  
  35  5:26  Marine  
  36  5:34  Marine  
  37  5:44  Marine  
  37  5:45  Refinery  
  38  5:52  Marine  
  35  6:02  Marine  
  28  6:04  Refinery  
  28  6:10  Marine  
  29  6:12  SCV  
  30  6:20  Marine  
  31  6:28  Marine  
  32  6:38  Marine  
  33  6:46  Marine, SCV  
  35  6:55  Marine  
  36  7:04  Marine  
  36  7:13  Marine  
  34  7:35  SCV  
  19  8:29  SCV  
  20  9:10  SCV  
  21  9:22  SCV  
  18  10:06  SCV  
  19  10:18  SCV  
  20  10:35  SCV  
  21  10:48  SCV  
Tags
 
Add a new tag
Caveats
  • Supply blocks, unpowered buildings, or Contaminate may cause inaccurate times.
  • Supply counts are checked every 10 seconds.